AoeStats
← Trace9226

Golden Pit

503394156Analyzed
1v1 RM · 1mo ago on Aug 31, 2026· 56m 32s· 2 players
Game mode
Random Map
Map size
Tiny (2 player)
Population
200
Speed
Normal
Resources
Standard
Victory
Conquest
Starting age
Dark Age
Ending age
Imperial Age
RankedLock teamsTeams togetherTeam positionsShared explorationLock speedFull tech treeHidden civsTurbo modeCheats
Victory
Defeat
🇨🇿 Sicilians · Czechia
978
+14
🇺🇦 Italians · Ukraine
943
-14
number17___
11:41 Feudal Age
11:47 Loom
16:59 Castle Age
15:34 Double-Bit Axe
16:41 Horse Collar
19:04 Stone Mining
23:50 Murder Holes
26:13 Gold Mining
36:23 Imperial Age
36:34 Bloodlines
36:26 Husbandry
36:14 Light Cavalry
38:10 Chemistry
39:01 Padded Archer Armor
42:59 Guilds
44:29 Conscription
44:37 Leather Archer Armor
46:05 Pirotechnia
46:40 Ballistics
48:49 Town Watch
50:19 Elite Genoese Crossbowman
51:08 Fletching
52:47 Bodkin Arrow
53:08 Town Patrol
53:44 Wheelbarrow
55:31 Hussar
Trace9226
7:27 Loom
10:16 Feudal Age
11:36 Double-Bit Axe
12:14 Horse Collar
23:01 Castle Age
23:55 Arson
26:50 Stone Mining
28:23 Bow Saw
28:16 Heavy Plow
31:48 Imperial Age
29:12 Gold Mining
32:03 Scale Mail Armor
32:15 Forging
33:14 Squires
33:21 Elite Serjeant
35:18 Wheelbarrow
35:17 Crop Rotation
35:27 Conscription
36:45 Hand Cart
36:53 Chain Mail Armor
37:13 Iron Casting
37:50 Hoardings
38:13 First Crusade
39:12 Plate Mail Armor
40:43 Gold Shaft Mining
40:46 Stone Shaft Mining
42:13 Elite Skirmisher
44:27 Blast Furnace
43:18 Fletching
43:29 Padded Archer Armor
44:33 Hauberk
45:08 Scale Barding Armor
44:55 Fletching
45:31 Bloodlines
45:21 Husbandry
44:42 Cavalier
45:43 Town Watch
47:06 Chain Barding Armor
46:42 Bodkin Arrow
50:28 Plate Barding Armor
49:54 Bracer
51:37 Light Cavalry
52:28 Padded Archer Armor
52:52 Ballistics
53:32 Chemistry
52:18 Arrowslits
52:44 Masonry
52:29 Murder Holes
52:40 Siege Engineers
53:37 Leather Archer Armor
Connection lost

Rejoining the realm…

Still unreachable

The connection could not be restored.

Session expired

The server has moved on; the page needs a fresh start.